 Dungeon Crawl Stone Soup version 0.31-a0-188-g5e087ee2ca (webtiles) character file.

Game seed: 12371566321521281526

81 qw the Shooter (level 4, 0/25 HPs)
             Began as a Deep Elf Hunter on June 23, 2023.
             Slain by a sky beast (4 damage)
             ... on level 3 of the Dungeon.
             The game lasted 00:00:35 (1851 turns).

qw the Shooter (Deep Elf Hunter)                    Turns: 1851, Time: 00:00:36

Health: 0/25       AC:  5    Str: 10    XL:     4   Next: 19%
Magic:  6/6        EV: 11    Int: 14    God:
Gold:   91         SH:  0    Dex: 18    Spells: 3/3 levels left

rFire   . . .        Y - +0 shortbow
rCold   . . .        (shield currently unavailable)
rNeg    . . .        e - +0 ring mail
rPois   .            (no helmet)
rElec   .            (no cloak)
rCorr   +            (no gloves)
SInv    .            (no boots)
Will    .....        (no amulet)
Stlth   +            i - ring of resist corrosion
HPRegen 0.24/turn    (no ring)
MPRegen 0.10/turn

%: no passive effects
@: no status effects
A: no striking features
a: no special abilities


You were on level 3 of the Dungeon.
You visited 1 branch of the dungeon, and saw 3 of its levels.

You collected 91 gold pieces.


   Skills:
 - Level 1.5 Fighting
 + Level 7.6 Ranged Weapons
 - Level 2.4 Dodging
 - Level 1.2 Stealth


You had 3 spell levels left.
You didn't know any spells.
Your spell library was empty.

Inventory:

Hand Weapons
 Y - a +0 shortbow (weapon)
Armour
 e - a +0 ring mail (worn)
Jewellery
 i - a ring of resist corrosion (left hand)
Scrolls
 b - a scroll of identify
Potions
 a - a potion of curing {unknown}
 c - a potion of resistance {unknown}
 d - a potion of might {unknown}
 f - a potion of attraction {unknown}
 g - a potion of brilliance {unknown}
 h - a potion of heal wounds {unknown}

Dungeon Overview and Level Annotations

Branches:
Dungeon (3/15)

Altars:
Qazlal

Shops:
D:2 [


Message History

A ball python comes into view.
The ball python hisses angrily.
You shoot an arrow.
The arrow closely misses the ball python.
A sky beast comes into view.
Found a stormy altar of Qazlal.
You shoot an arrow.
The arrow closely misses the ball python.
The ball python bites you but does no damage.
The ball python grabs you. The ball python constricts you.
The ball python barely misses you. The ball python constricts you.
You shoot an arrow. The arrow hits the ball python!
You kill the ball python!
You shoot an arrow. The arrow hits the sky beast.
The sky beast is lightly wounded.
The sky beast barely misses you.
You shoot an arrow. The arrow barely misses the sky beast.
The sky beast barely misses you.
You shoot an arrow. The arrow hits the sky beast.
The sky beast is lightly wounded.
The sky beast closely misses you.
You shoot an arrow. The arrow hits the sky beast!
The sky beast is heavily wounded.
The sky beast flickers out of sight!
Deactivating autopickup; reactivate with Ctrl-A.
Something hits you but does no damage.
You shoot an arrow. Something hits you. Something shocks you.
Something hits you. Something shocks you.
You shoot an arrow. Something hits you but does no damage.
You shoot an arrow. Something hits you but does no damage.
You shoot an arrow. Something hits you but does no damage.
You shoot an arrow. Something hits you. Something shocks you.
You shoot an arrow. Something hits you.
You die...

##### ##...##
##.....##
#####.......#
#......<....#
....#.......# #
##.....##
#@....#
...#..{....[.#
_............#
...#......<...#
..#..#......#.#
#.............
.... ....#.###.
#.###....#.#


There were no monsters in sight!

Vanquished Creatures
  2 adders (D:2)
  3 worms (D:2)
  A dart slug (D:2)
  7 ball pythons
  5 endoplasms
  A giant cockroach (D:2)
  5 goblins
  6 hobgoblins
  2 jackals (D:1)
  2 quokkas
  5 bats (D:2)
  3 frilled lizards
  3 kobolds
  6 rats
51 creatures vanquished.

Notes
Turn   | Place    | Note
-------+----------+-------------------------------------------
     0 | D:1      | qw the Deep Elf Hunter began the quest for the Orb.
     0 | D:1      | Reached XP level 1. HP: 12/12 MP: 3/3
     0 | D:1      | 0 ||| qw: Version: 0.3-a-9-g12657ce
     0 | D:1      | 0 ||| qw: Game counter: 3856
     0 | D:1      | 0 ||| qw: Always use a shield: true
     0 | D:1      | 0 ||| qw: God list: Okawaru
     0 | D:1      | 0 ||| qw: Allow faded altars: false
     0 | D:1      | 0 ||| qw: Do Orc after D:15 true
     0 | D:1      | 0 ||| qw: Do second Lair branch before Depths: true
     0 | D:1      | 0 ||| qw: Lair rune preference: random
     0 | D:1      | 0 ||| qw: Plans: Normal
     0 | D:1      | 0 ||| PLANNING D:1-11
   224 | D:1      | Reached skill level 6 in Ranged Weapons
   224 | D:1      | Reached XP level 2. HP: 15/16 MP: 4/4
   266 | D:1      | 266 ||| UPGRADING to +0 ring mail.
   301 | D:1      | 301 ||| DROPPING +0 leather armour.
   991 | D:1      | 991 ||| DROPPING amulet of magic regeneration.
   992 | D:1      | 992 ||| READING scroll labelled TUSEYM IZOTOSH.
   993 | D:1      | 993 ||| READING scroll labelled YMEOKE RA ODWU.
   994 | D:1      | 994 ||| DROPPING scroll of butterflies.
  1011 | D:2      | Reached XP level 3. HP: 20/20 MP: 5/5
  1141 | D:2      | Found Cutager's Armour Shoppe.
  1151 | D:2      | Reached skill level 7 in Ranged Weapons
  1164 | D:2      | 1164 ||| SHOPLISTING +1 scale mail of the Great Game {rF+
                  | Str+2} (380 gold, have 30).
  1164 | D:2      | 1164 ||| SHOPLISTING +3 scale mail of cold resistance (364
                  | gold, have 30).
  1164 | D:2      | 1164 ||| SHOPLISTING +3 scale mail of positive energy (322
                  | gold, have 30).
  1578 | D:2      | Reached XP level 4. HP: 25/25 MP: 6/6
  1816 | D:2      | 1816 ||| UPGRADING to ring of resist corrosion.
  1839 | D:3      | Found a stormy altar of Qazlal.
  1839 | D:3      | Noticed a sky beast
  1850 | D:3      | HP: 4/25 [something (6)]
  1851 | D:3      | Slain by a sky beast

Levels and vault maps discovered:
D:1:      dpeg_arrival_more_subterranean_lakeside_camping, layout_basic,
          solitary_fountain, st_stairs_8, minmay_surrounded
D:2:      layout_loops_ring, serial_shops, nicolae_shop_tiny_waterfront,
          corexii_leaking_fountain, corexii_hall_statues_u, grunt_ministairs_8,
          kennysheep_generic_room_10
D:3:      layout_rooms, nicolae_qazlal_beasts_of_the_sky, amcnicky_altar_gilded,
          tgw_fedhas, ebering_ecumenical_altar_rust, minmay_misc_feat_roman

Skill      XL: |  1  2  3 |
---------------+----------+-----
Ranged Weapons | 6 7 |  7.6
Fighting       | |  1.5
Dodging        | |  2.4
Stealth        | |  1.2

Action                     |  1- 3 |  4- 6 || total
---------------------------+-------+-------++-------
   Fire: Shortbow          |   102 |    37 ||   139
    Use: Scroll            |     2 |       ||     2
 Armour: Ring mail         |     9 |     9 ||    18
         Leather armour    |     1 |       ||     1
  Dodge: Dodged            |    19 |     8 ||    27

Table legend:
 A = Non-vault XP
 B = Vault XP
 C = Vault XP percentage of total XP
 D = Non-vault monster count
 E = Vault monster count
 F = Vault count percentage of total count
                 A         B        C        D         E       F
            +---------+---------+-------+---------+---------+-------
      Total |     101 |      15 |  12.9 |      42 |       9 |  17.6
            +---------+---------+-------+---------+---------+-------
        D:1 |      29 |      10 |  25.6 |      18 |       6 |  25.0
        D:2 |      68 |       5 |   6.8 |      21 |       3 |  12.5
        D:3 |       4 |       0 |   0.0 |       3 |       0 |   0.0
            +---------+---------+-------+---------+---------+-------
